 Dungeon Crawl Stone Soup version 0.21.1-35-gfefc1aa2bb (webtiles) character file.

30 Anaz the Cudgeler (level 3, 0/27 HPs)
             Began as a Human Skald on July 31, 2018.
             Slain by a worm (8 damage)
             ... on level 1 of the Dungeon.
             The game lasted 00:07:07 (1875 turns).

Anaz the Cudgeler (Human Skald)                     Turns: 1875, Time: 00:07:08

Health: 0/27       AC:  3    Str: 11    XL:     3   Next: 35%
Magic:  3/6        EV: 12    Int: 14    God:
Gold:   65         SH:  0    Dex: 12    Spells: 0/6 levels left

rFire    . . .     SeeInvis .   a - +0 mace
rCold    . . .     Gourm    .   (no shield)
rNeg     . . .     Faith    .   b - +0 leather armour
rPois    .         Spirit   .   (no helmet)
rElec    .         Reflect  .   (no cloak)
rCorr    .         Harm     .   (no gloves)
MR       .....                  (no boots)
Stlth    +.........             (no amulet)
HPRegen  0.09/turn              (no ring)
MPRegen  0.10/turn              (no ring)

@: very slightly contaminated
A: no striking features
a: no special abilities


You were on level 1 of the Dungeon.
You were not hungry.

You visited 1 branch of the dungeon, and saw 2 of its levels.

You collected 65 gold pieces.

Inventory:

Hand Weapons
 a - a +0 mace (weapon)
Armour
 b - a +0 leather armour (worn)
Scrolls
 e - a scroll of teleportation {unknown}
 f - a scroll of remove curse {unknown}
 j - a scroll of fear {unknown}
 k - a scroll of identify {unknown}
Potions
 g - a potion of haste {unknown}
 h - 2 potions of lignification {unknown}
 l - 2 potions of brilliance {unknown}
Books
 c - a book of Battle

   Spells                             Type                      Level
   a - Infusion                       Charms                       1
   b - Shroud of Golubria             Charms/Translocation         2
   c - Song of Slaying                Charms                       2
   d - Spectral Weapon                Hexes/Charms                 3
   e - Regeneration                   Charms/Necromancy            3
Comestibles
 d - 2 rations


   Skills:
 - Level 2.0 Fighting
 + Level 3.5 Maces & Flails
 - Level 1.0 Armour
 - Level 2.0 Dodging
 - Level 2.0 Spellcasting
 - Level 3.0 Charms


You couldn't memorise any spells.
You knew the following spells:

 Your Spells              Type           Power        Failure   Level  Hunger
a - Infusion              Chrm           #...         9%          1    ##.....
b - Song of Slaying       Chrm           #.......     14%         2    ###....
c - Spectral Weapon       Hex/Chrm       #.......     45%         3    ####...


Dungeon Overview and Level Annotations

Branches:
Dungeon (2/15)

Altars:


Message History

You hit the worm.
The worm is heavily wounded.
The worm barely misses you.
You hit the worm.
The worm is heavily wounded.
The worm bites you!
You hit the worm.
The worm is severely wounded.
The worm bites you!
* * * LOW HITPOINT WARNING * * *
Casting: Spectral Weapon
Confirm with . or Enter, or press ? or * to list all spells.
You draw out your weapon's spirit!
You hit the worm.
The worm is moderately wounded.
Your spectral weapon closely misses the worm.
You hit the worm.
The worm is moderately wounded.
Your spectral weapon hits the worm!
The worm bites you!
You die...

###........#..)####.# #.#..#..##.
.......##..#)..# #.###.#..#..##.
.#.#.#.##..#...####.....#..#..##.
#.#.#...............>##.#........
≈≈.#.#....#....#.##..##.#..######
.≈#.#...###....#.##..##.#..#
.≈.#.#..###....#.###.##.#..#
(≈#.#....##.....(w......#..#
≈≈.#.#.#.##...##@#########.#
#.#.#......................#
.#.#.#..#.#...##.#########.#
##.................# ###
.....#..##....#....#
##.#.#........#....#
#.#.#..###.#.#....#
#÷#.#..##.........#
##.#.#.........#'###


You could see a worm and a friendly spectral mace.

Vanquished Creatures
  3 leopard geckos (D:1)
  3 giant cockroaches (D:1)
  3 goblins (D:1)
  4 hobgoblins (D:1)
  3 kobolds (D:1)
  A ball python (D:1)
  A bat (D:1)
  A frilled lizard (D:1)
  6 rats (D:1)
25 creatures vanquished.

Notes
Turn   | Place    | Note
-------+----------+-------------------------------------------
     0 | D:1      | Anaz the Human Skald began the quest for the Orb.
     0 | D:1      | Reached XP level 1. HP: 16/16 MP: 3/3
   382 | D:1      | Reached XP level 2. HP: 20/22 MP: 5/5
   415 | D:1      | Learned a level 2 spell: Song of Slaying
   895 | D:1      | Reached XP level 3. HP: 12/27 MP: 6/6
   907 | D:1      | Learned a level 3 spell: Spectral Weapon
  1875 | D:1      | Slain by a worm

Skill      XL: |  1  2 |
---------------+-------+-----
Maces & Flails | 3 |  3.5
Fighting       | |  2.0
Armour         | |  1.0
Dodging        | |  2.0
Spellcasting   | |  2.0
Charms         | |  3.0

Action                   || total
-------------------------++-------
Melee: Mace              ||    78
       Unarmed           ||    14
 Cast: Spectral Weapon   ||     1
  Eat: Chunk             ||     3
Armor: Leather armour    ||    18
Dodge: Dodged            ||    72
